 Dungeon Crawl Stone Soup version 0.24-a0-537-g2d01d4ab0a (webtiles) character file.

Game seed: 9291894783197428469

10257 Chiseanne the Thrower (level 11, -9/66 HPs)
             Began as a Deep Elf Arcane Marksman on Aug 13, 2019.
             Was a Priest of Sif Muna.
             Mangled by a troll (11 damage)
             ... on level 11 of the Dungeon.
             The game lasted 01:02:48 (14078 turns).

Chiseanne the Thrower (Deep Elf Arcane Marksman)   Turns: 14078, Time: 01:02:49

Health: -9/66      AC: 12    Str:  5 (7)  XL:     11   Next: 33%
Magic:  20/20      EV: 16    Int: 20 (22) God:    Sif Muna [***...]
Gold:   315        SH:  0    Dex: 13 (15) Spells: 17/20 levels left

rFire    . . .     SeeInvis .   s - +2 rapier (protect)
rCold    . . .     Gourm    .   (no shield)
rNeg     . . .     Faith    .   c - +3 ring mail
rPois    .         Spirit   .   (no helmet)
rElec    .         Reflect  .   (no cloak)
rCorr    .         Harm     .   w - +2 pair of gloves {archery}
MR       +....                  (no boots)
Stlth    +.........             B - amulet of rage
HPRegen  0.21/turn              A - +6 ring of evasion
MPRegen  0.17/turn              (no ring)

@: flying, heavily drained
A: no striking features
a: Channel Magic, Forget Spell, Renounce Religion, Evoke Berserk Rage


You were on level 11 of the Dungeon.
You worshipped Sif Muna.
Sif Muna was most pleased with you.
You were not hungry.

You visited 2 branches of the dungeon, and saw 12 of its levels.

You collected 315 gold pieces.

Inventory:

Hand Weapons
 a - the +9 war axe "Chiseanne's Death" {chop, rPois rC- rN+ MP+9}
   (You found it on level 9 of the Dungeon)

   It inflicts extra damage upon your enemies.
   It makes you vulnerable to cold.
   It protects you from poison.
   It protects you from negative energy.
   It affects your magic capacity (+9).
 s - a +2 rapier of protection (weapon)
Missiles
 d - 5 javelins
 h - 196 arrows
 i - 125 sling bullets
 q - 10 poisoned darts (quivered)
 t - 19 boomerangs
 z - a throwing net
 P - 67 bolts
Armour
 b - a +0 cloak
 c - a +3 ring mail (worn)
 k - a +0 robe of positive energy
 w - a +2 pair of gloves of archery (worn)
 C - a +0 buckler
Magical Staves
 x - an uncursed staff of energy
Jewellery
 n - an uncursed ring of fire
 v - a cursed ring of teleportation {unknown}
 A - a +6 ring of evasion (left hand)
 B - an amulet of rage (around neck)
 E - a +2 ring of intelligence {unknown}
Wands
 K - a wand of flame (16)
 N - a wand of iceblast (11)
Scrolls
 g - 7 scrolls of teleportation
 o - 2 scrolls of fog
 r - 4 scrolls of enchant armour
 y - a scroll of remove curse
 G - a scroll of blinking
 M - a scroll of amnesia
Potions
 e - a potion of degeneration
 j - 2 potions of curing
 l - 2 potions of lignification
 p - a potion of magic
 u - 3 potions of mutation
 D - a potion of cancellation {unknown}
 F - a potion of haste {unknown}
 I - a potion of brilliance {unknown}
 J - a potion of berserk rage {unknown}
 L - a potion of invisibility {unknown}
Comestibles
 f - 22 rations
 H - 2 chunks of flesh


   Skills:
 - Level 6.9(4.2) Fighting
 - Level 8.5(5.6) Throwing
 - Level 6.7(4.0) Armour
 - Level 6.9(4.2) Dodging
 * Level 5.0(2.4) Spellcasting
 * Level 3.7(1.2) Conjurations
   Level 4.0(1.4) Hexes
 * Level 3.3(0.8) Air Magic
 * Level 3.7(1.2) Poison Magic
 - Level 6.6(3.9) Evocations


You had 17 spell levels left.
You knew the following spells:

 Your Spells              Type           Power        Failure   Level  Hunger
a - Mephitic Cloud        Conj/Pois/Air  #.......     77%         3    ###....

Your spell library contained the following spells:

 Spells                   Type           Power        Failure   Level  Hunger
 Corona                   Hex            #......      34%         1    #......
 Sting                    Conj/Pois      #...         36%         1    #......
 Slow                     Hex            #.......     45%         2    ##.....
 Poisonous Vapours        Pois/Air       #.....       52%         2    ##.....
 Inner Flame              Hex/Fire       #.......     80%         3    ###....
 Portal Projectile        Hex/Tloc       #.....       80%         3    ###....
 Cause Fear               Hex            #.........   98%         4    #####..
 Olgreb's Toxic Radiance  Pois           #.......     98%         4    #####..
 Leda's Liquefaction      Hex/Erth       #.........   99%         4    #####..
 Venom Bolt               Conj/Pois      #.........   100%        5    ######.


Dungeon Overview and Level Annotations

Branches:
Dungeon (11/15)            Temple (1/1) D:4            Lair (0/6) D:11
    Orc: D:9-12

Altars:
Ashenzari
Dithmenos
Elyvilon
Gozag
Hepliaklqana
Nemelex Xobeh
Okawaru
Sif Muna
Trog
Vehumet
Xom
Zin
The Shining One
Jiyva

Annotations:
D:8 3 runed translucent doors, SkyBlueFox's ghost, novice TrMo


Message History

The troll closely misses you. The troll claws you.
* * * LOW HITPOINT WARNING * * *
The troll claws you!
* * * LOW HITPOINT WARNING * * *
You feel better. The troll bites you.
* * * LOW HITPOINT WARNING * * *
The troll barely misses you. The troll claws you.
* * * LOW HITPOINT WARNING * * *
You feel better. The troll barely misses you. x3
It was a potion of degeneration.
There was something very wrong with that liquid.
You feel weakened.
You feel dopey.
You feel clumsy. The troll misses you. The troll claws you!
* * * LOW HITPOINT WARNING * * *
The troll claws you but does no damage.
It was a potion of flight.
You feel very buoyant.
You fly up into the air.
The troll misses you. The troll closely misses you. The troll claws you!
You die...

## . .. # .. # #. #
#. # #% ### #
#.#########.#######
#.@T........##..()(
###########.##.####
#..........#
#.#####.####... #.#
#... .... #.#
######... #.# #...
#.# #... #.######
####


You could see a troll.

Vanquished Creatures
  A two-headed ogre (D:9)
  Nergalle (D:10)
  Pikel (D:5)
  A gargoyle (D:11)
  A torpor snail (D:8)
  A kobold demonologist (D:11)
  A troll (D:11)
  Grinder (D:5)
  2 hippogriffs (D:9)
  A redback (D:9)
  A wraith (D:11)
  A basilisk (D:11)
  3 yaks (D:9)
  Eustachio (D:4)
  A steam dragon (D:9)
  3 hungry ghosts
  2 slaves (D:4)
  2 black bears
  3 ice beasts
  4 sky beasts
  6 orc warriors
  4 ogres
  A wolf (D:11)
  5 centaurs
  2 crocodiles (D:9)
  2 big kobolds
  3 bullfrogs
  2 scorpions
  14 killer bees
  13 wights
  2 howler monkeys
  An electric eel (D:11)
  A bullfrog zombie (D:11)
  4 crimson imps
  11 hounds
  A bullfrog skeleton (D:9)
  5 orc priests
  11 orc wizards
  2 centaur skeletons
  An iguana (D:4)
  8 worker ants
  A hound zombie (D:11)
  A hound skeleton (D:5)
  2 worker ant zombies (D:6)
  3 gnolls (D:9)
  9 adders
  2 adder skeletons
  2 worms (D:3)
  2 dart slugs
  13 leopard geckos
  26 orcs
  2 giant cockroaches
  6 goblins
  12 hobgoblins
  2 jackals (D:4)
  19 kobolds
  3 quokkas
  2 ball pythons
  6 bats
  7 frilled lizards
  12 rats
263 creatures vanquished.

Vanquished Creatures (others)
  A slave (D:5)
  A hobgoblin (D:9)
2 creatures vanquished.

Grand Total: 265 creatures vanquished

Notes
Turn   | Place    | Note
-------+----------+-------------------------------------------
     0 | D:1      | Chiseanne the Deep Elf Arcane Marksman began the quest for
                  | the Orb.
     0 | D:1      | Reached XP level 1. HP: 11/11 MP: 5/5
   318 | D:1      | Reached skill level 1 in Fighting
   398 | D:1      | Reached XP level 2. HP: 11/16 MP: 7/7
  1161 | D:2      | Reached XP level 3. HP: 20/20 MP: 8/8
  2079 | D:3      | Reached skill level 1 in Armour
  2124 | D:3      | Reached XP level 4. HP: 24/26 MP: 9/9
  2411 | D:3      | Reached skill level 3 in Throwing
  3079 | D:3      | Reached XP level 5. HP: 28/30 MP: 10/10
  4030 | D:4      | Found a staircase to the Ecumenical Temple.
  4059 | Temple   | Entered the Ecumenical Temple
  4110 | Temple   | Became a worshipper of Sif Muna the Loreminder
  4157 | D:4      | Found a sparkling altar of Nemelex Xobeh.
  4157 | D:4      | Noticed Eustachio
  4185 | D:4      | Killed Eustachio
  4185 | D:4      | Reached XP level 6. HP: 29/36 MP: 11/11
  4474 | D:4      | Found a hazy altar of Hepliaklqana.
  4682 | D:5      | Entered Level 5 of the Dungeon
  4753 | D:5      | Noticed an ice beast
  4758 | D:5      | Killed an ice beast
  4758 | D:5      | Reached skill level 4 in Throwing
  4758 | D:5      | Reached skill level 5 in Dodging
  4758 | D:5      | Reached XP level 7. HP: 41/41 MP: 12/12
  5257 | D:5      | Noticed Grinder
  5292 | D:5      | Killed Grinder
  5481 | D:5      | Noticed Pikel
  5863 | D:5      | Killed Pikel
  5863 | D:5      | Reached skill level 5 in Throwing
  5863 | D:5      | Reached XP level 8. HP: 48/48 MP: 13/13
  6270 | D:6      | Found a glowing golden altar of the Shining One.
  6598 | D:7      | Reached skill level 1 in Evocations
  6602 | D:7      | Reached * piety under Sif Muna
  6806 | D:6      | Reached skill level 6 in Throwing
  7375 | D:7      | Reached XP level 9. HP: 53/53 MP: 14/14
  7436 | D:6      | Reached skill level 5 in Fighting
  7726 | D:7      | Reached skill level 5 in Armour
  8305 | D:8      | Noticed a two-headed ogre
  8309 | D:8      | Noticed a torpor snail
  8309 | D:8      | a two-headed ogre changed into a torpor snail
  8321 | D:8      | Killed a torpor snail
  8544 | D:8      | Reached skill level 7 in Throwing
  9036 | D:8      | Found a runed translucent gate.
  9040 | D:8      | Found a runed translucent gate.
  9041 | D:8      | Found a runed translucent gate.
  9041 | D:8      | Noticed SkyBlueFox's ghost (novice TrMo)
  9043 | D:8      | Found a viscous altar of Jiyva.
  9184 | D:9      | Reached ** piety under Sif Muna
  9594 | D:9      | Found a radiant altar of Vehumet.
  9623 | D:9      | Reached XP level 10. HP: 60/60 MP: 15/15
  9634 | D:9      | Reached skill level 5 in Evocations
  9897 | D:9      | Noticed a two-headed ogre
  9901 | D:9      | a two-headed ogre changed into a redback
 10190 | D:9      | Noticed a two-headed ogre
 10215 | D:9      | Killed a two-headed ogre
 10215 | D:9      | Reached skill level 8 in Throwing
 10406 | D:9      | Got a faintly glowing war axe
 10409 | D:9      | Identified the +9 war axe "Chiseanne's Death" {chop, rPois
                  | rC- rN+ MP+9} (You found it on level 9 of the Dungeon)
 10743 | D:9      | Noticed a two-headed ogre
 10745 | D:9      | Noticed a shock serpent
 10745 | D:9      | a two-headed ogre changed into a shock serpent
 11061 | D:10     | Entered Level 10 of the Dungeon
 11664 | D:10     | Learned a level 3 spell: Mephitic Cloud
 11717 | D:10     | Noticed Nergalle
 11750 | D:10     | Noticed a spectral orc warlord
 11976 | D:10     | Killed Nergalle
 11976 | D:10     | Reached skill level 1 in Conjurations
 11976 | D:10     | Reached skill level 1 in Air Magic
 11976 | D:10     | Reached skill level 1 in Poison Magic
 12287 | D:10     | Reached XP level 11. HP: 53/66 MP: 17/17
 12409 | D:10     | Reached *** piety under Sif Muna
 13801 | D:11     | Found a staircase to the Lair.
 13853 | D:11     | Reached skill level 5 in Spellcasting
 14075 | D:11     | HP: 2/66 [troll (5)]
 14078 | D:11     | Mangled by a troll

Levels and vault maps discovered:
D:1:      dpeg_arrival_subterranean_lakeside_camping, layout_loops_ring
D:2:      layout_basic, corexii_hall_statues_x, minmay_misc_feat_secret_circle
D:3:      layout_basic, first_ration
D:4:      layout_loops_corners, old_standard_altar, lemuel_doored_altar,
          minmay_temple_entry_stoned_glass, kennysheep_generic_room_2,
          uniq_eustachio
D:5:      layout_basic, uniq_grinder, uniq_pikel
D:6:      layout_basic, nicolae_tso_swordbearing_angel, kennysheep_mini
D:7:      layout_cave_pools, grunt_ogre_cave
D:8:      layout_basic, gammafunk_ghost_ooze, minmay_misc_feat_tower
D:9:      layout_roguey, vehumet_altar_wand_db, grunt_ministairs_9
D:10:     layout_long_grid, serial_glass, glass_columns_b, glass_columns_c,
          eino_jars, uniq_nergalle
D:11:     layout_basic, erik_lair_island, hiddenorc1_lemuel,
          nicolae_trove_entry_path_of_doom
Temple:   minmay_crystal_spiral_temple

Skill      XL: |  1  2  3  4  5  6  7  8  9 10 11 |
---------------+----------------------------------+-----
Fighting       | 1 2 3 4 6 |  6.9
Spellcasting   | 2 3 5 |  5.0
Dodging        | 3 4 5 6 |  6.9
Armour         | 1 2 3 4 5 6 |  6.7
Throwing       | 3 4 5 6 7 8 |  8.5
Evocations     | 2 4 6 |  6.6
Conjurations   | 2 3 |  3.7
Air Magic      | 1 3 |  3.3
Poison Magic   | 2 3 |  3.7
Hexes          | |  4.0

Action                   |  1- 3 |  4- 6 |  7- 9 | 10-12 || total
-------------------------+-------+-------+-------+-------++-------
Melee: Whip              |   145 |   150 |    16 |       ||   311
       Scimitar          |       |    11 |       |       ||    11
       Quarterstaff      |       |     2 |       |       ||     2
       Rapier            |       |       |   499 |   444 ||   943
       War axe           |       |       |     8 |    41 ||    49
Throw: Javelin           |    17 |    11 |     7 |       ||    35
       Throwing net      |     1 |     2 |       |       ||     3
       Dart              |       |    24 |    85 |   244 ||   353
       Stone             |       |     1 |       |       ||     1
       Boomerang         |       |       |     7 |       ||     7
 Cast: Mephitic Cloud    |       |       |       |     1 ||     1
Evoke: Wand              |       |     4 |    25 |    18 ||    47
  Use: Scroll            |     7 |     8 |     6 |     1 ||    22
       Potion            |       |     1 |     5 |     6 ||    12
 Stab: Confused          |       |       |       |     1 ||     1
  Eat: Chunk             |     4 |     7 |     7 |    16 ||    34
       Ration            |       |       |     4 |     2 ||     6
Armor: Ring mail         |    60 |    66 |   214 |   227 ||   567
       Robe              |    10 |       |       |       ||    10
Dodge: Dodged            |   105 |   100 |   497 |   689 ||  1391
       Rpst.: Scimitar   |       |     4 |       |       ||     4

Table legend:
 A = Non-vault XP
 B = Vault XP
 C = Vault XP percentage of total XP
 D = Non-vault monster count
 E = Vault monster count
 F = Vault count percentage of total count
                 A         B        C        D         E       F
            +---------+---------+-------+---------+---------+-------
      Total |   11170 |    3484 |  23.8 |     238 |      23 |   8.8
            +---------+---------+-------+---------+---------+-------
        D:1 |      35 |       1 |   2.8 |      25 |       1 |   3.8
        D:2 |      50 |       0 |   0.0 |      18 |       0 |   0.0
        D:3 |     152 |       0 |   0.0 |      31 |       0 |   0.0
        D:4 |     197 |     188 |  48.8 |      17 |       2 |  10.5
        D:5 |     413 |     935 |  69.4 |      10 |       2 |  16.7
        D:6 |     874 |       0 |   0.0 |      22 |       0 |   0.0
        D:7 |     948 |     121 |  11.3 |      19 |       1 |   5.0
        D:8 |     899 |       0 |   0.0 |      10 |       0 |   0.0
        D:9 |    3492 |     371 |   9.6 |      37 |       2 |   5.1
       D:10 |    1591 |    1240 |  43.8 |      20 |       8 |  28.6
       D:11 |    2519 |     628 |  20.0 |      29 |       7 |  19.4
            +---------+---------+-------+---------+---------+-------
